 Dungeon Sprint DCSS version 0.19-a0-1401-g902f63d (webtiles) character file.

1229 poirepourri the Fighter (level 8, 52/91 HPs)
             Began as a Deep Dwarf Fighter on Sept 4, 2016.
             Was a Follower of Makhleb.
             Quit the game in the Dungeon (Sprint I: "Red Sonja").
             The game lasted 00:03:30 (468 turns).

poirepourri the Fighter (Deep Dwarf Fighter)         Turns: 468, Time: 00:03:31

Health: 52/91      AC:  6    Str: 21    XL:     8   Next: 24%
Magic:  7/7        EV:  6    Int:  9    God:    Makhleb [*.....]
Gold:   425        SH:  7    Dex: 13    Spells: 0 memorised, 7 levels left

rFire  . . .     SeeInvis .     a - +0 war axe
rCold  . . .     Gourm    .     b - +0 scale mail
rNeg   . . .     Faith    .     c - +0 shield
rPois  .         Spirit   .     (no helmet)
rElec  .         Dismiss  .     (no cloak)
rCorr  .         Reflect  .     (no gloves)
MR     +....     Harm     .     (no boots)
Stlth  .......... NoTele   +    (no amulet)
                                (no ring)
                                (no ring)

@: non-regenerating, very heavily drained
A: damage resistance, recharge devices, sense surroundings 1, slow regeneration
3
a: Device Recharging, Renounce Religion


You were in the Dungeon.
You worshipped Makhleb.
Makhleb was aware of your devotion.
You were not hungry.

You visited 1 branch You collected 425 gold pieces.

Inventory:

Hand Weapons
 a - a +0 war axe (weapon)
Armour
 b - a +0 scale mail (worn)
 c - a +0 shield (worn)
Wands
 e - a wand of heal wounds (3/9)
Potions
 j - 2 potions of magic
Comestibles
 f - a bread ration


   Skills:
 + Level 11.7(0.0) Fighting
 + Level 10.6(0.0) Axes
 - Level 3.2(0.0) Armour
 + Level 9.5(0.0) Dodging
 - Level 3.2(0.0) Shields
 + Level 3.2(0.0) Evocations


You had 7 spell levels left.
You didn't know any spells.

Dungeon Overview and Level Annotations

Branches:
Dungeon (1/1)

Altars:
Cheibriados
Dithmenos
Elyvilon
Fedhas
Gozag
Hepliaklqana
Kikubaaqudgha
Makhleb
Nemelex Xobeh
Okawaru
Qazlal
Ru
Sif Muna
Trog
Uskayaw
Vehumet
Xom
Yredelemnul
Zin
The Shining One
Jiyva
Lugonu

Shops:
D (

Annotations:
D Sonja


Innate Abilities, Weirdness & Mutations

You are resistant to damage.
You can recharge devices by infusing magical energy.
You passively map a small area around you.
You do not regenerate.


Message History

Sonja hits you with an uncursed short sword of draining.
You feel drained. Sonja closely misses you.
Sonja hits you with an uncursed short sword of draining.
You feel drained.
Sonja hits you with an uncursed short sword of draining.
You feel drained. You block Sonja's attack. x2
Unknown command.
You miss Sonja.
Sonja hits you with an uncursed short sword of draining.
You feel drained.
Sonja hits you with an uncursed short sword of draining.
You feel drained. You block Sonja's attack.
Sonja casts a spell.
Sonja blinks!
Sonja gestures wildly while chanting.
Sonja blinks!
Unknown command.
Sonja hits you with an uncursed short sword of draining.
You feel drained. Sonja barely misses you. x2
Are you sure you want to abandon this character and quit the game? (Confirm with "yes".)

###################
#<.#..)..#.)+..#__#
#.@').#..'..#..+..+
#K.#####'#####'#__#
#..####..#...#.####
#..#__####..##.#≈≈≈
#..#_____##§#..+
#⌠⌠#_.∩...'.(._# ≈
####_..__##_(#'# +
* #_____###(#.#
#########(###


You could see Sonja.

Vanquished Creatures
  2 kobold demonologists (D)
  Sigmund (D)
  A slime creature (D)
  A yak (D)
  A giant eyeball (D)
  An ogre (D)
  A jelly (D)
  Ijyb (D)
9 creatures vanquished.

Notes
Turn   | Place    | Note
-------+----------+-------------------------------------------
     0 | D        | poirepourri the Deep Dwarf Fighter began the quest for the Orb.
     0 | D        | Reached XP level 1. HP: 20/20 MP: 1/1
     4 | D        | Noticed Ijyb
    30 | D        | Killed Ijyb
    30 | D        | Reached skill level 5 in Fighting
    30 | D        | Reached XP level 2. HP: 25/32 MP: 2/2
    35 | D        | Noticed an ogre
    38 | D        | Killed an ogre
    38 | D        | Reached skill level 7 in Fighting
    38 | D        | Reached XP level 3. HP: 43/43 MP: 3/3
    38 | D        | Reached XP level 4. HP: 51/51 MP: 4/4
    52 | D        | Noticed Sigmund
    64 | D        | Killed Sigmund
    64 | D        | Reached skill level 9 in Fighting
    64 | D        | Reached skill level 5 in Dodging
    64 | D        | Reached XP level 5. HP: 48/62 MP: 5/5
    64 | D        | Reached XP level 6. HP: 53/69 MP: 6/6
    77 | D        | Found a deep blue altar of Sif Muna.
    79 | D        | Found a radiant altar of Vehumet.
   130 | D        | Found a burning altar of Makhleb.
   130 | D        | Found a viscous altar of Jiyva.
   130 | D        | Found a shimmering altar of Xom.
   130 | D        | Found a corrupted altar of Lugonu.
   130 | D        | Noticed a slime creature
   147 | D        | Killed a slime creature
   147 | D        | Reached skill level 10 in Fighting
   162 | D        | Found Kuliryor's Weapon Emporium.
   162 | D        | Found an ancient bone altar of Kikubaaqudgha.
   162 | D        | Found a hazy altar of Hepliaklqana.
   162 | D        | Found a stormy altar of Qazlal.
   162 | D        | Found a hide-covered altar of Uskayaw.
   162 | D        | Found a blossoming altar of Fedhas.
   162 | D        | Found a bloodstained altar of Trog.
   162 | D        | Found an iron altar of Okawaru.
   162 | D        | Found a basalt altar of Yredelemnul.
   162 | D        | Found a glowing golden altar of the Shining One.
   162 | D        | Found a snail-covered altar of Cheibriados.
   162 | D        | Found a sacrificial altar of Ru.
   162 | D        | Found a glowing silver altar of Zin.
   162 | D        | Found a shadowy altar of Dithmenos.
   162 | D        | Found a white marble altar of Elyvilon.
   162 | D        | Noticed a yak
   169 | D        | Killed a yak
   169 | D        | Reached skill level 1 in Evocations
   169 | D        | Reached XP level 7. HP: 48/80 MP: 7/7
   170 | D        | Found an opulent altar of Gozag.
   171 | D        | Found a sparkling altar of Nemelex Xobeh.
   197 | D        | Became a worshipper of Makhleb the Destroyer
   214 | D        | Noticed a kobold demonologist
   215 | D        | Noticed a kobold demonologist
   216 | D        | Noticed an orange demon
   218 | D        | Reached skill level 11 in Fighting
   226 | D        | Noticed a red devil
   227 | D        | Noticed an ice devil
   239 | D        | Killed a kobold demonologist
   239 | D        | Reached skill level 10 in Axes
   240 | D        | Noticed a sun demon
   242 | D        | Killed a kobold demonologist
   242 | D        | Reached * piety under Makhleb
   242 | D        | Reached XP level 8. HP: 50/91 MP: 7/9
   249 | D        | Noticed a demonic crawler
   249 | D        | Noticed a demonic crawler
   249 | D        | Noticed a demonic crawler
   249 | D        | Noticed a demonic crawler
   294 | D        | Noticed Sonja
   468 | D        | Quit the game

Vault maps used:
D:        dungeon_sprint_1

Skill      XL: |  1  2  3  4  5  6  7 |
---------------+----------------------+-----
Fighting       | 5 7 9 10 11 | 11.7
Axes           | 3 4 6 8 10 | 10.6
Dodging        | 2 3 5 7 9 |  9.5
Evocations     | 1 3 |  3.2
Armour         | |  3.2
Shields        | |  3.2

Action                   |  1- 3 |  4- 6 |  7- 9 || total
-------------------------+-------+-------+-------++-------
Melee: War axe           |    27 |    29 |    96 ||   152
 Abil: Device Recharging |       |       |     3 ||     3
Evoke: Wand              |       |     2 |    18 ||    20
  Use: Potion            |     2 |     4 |     1 ||     7
       Scroll            |       |     1 |     1 ||     2
Armor: Scale mail        |     7 |     5 |   171 ||   183
Dodge: Dodged            |     6 |     7 |   143 ||   156
Block: Shield            |    13 |    11 |   143 ||   167
